APL (24 & UNDER)
ATHENS ASSASSINS @ DETROIT DIRTY SNOW
05/14/2027
 
TOP OF THE 1ST
Athens Assassins batting - Pitching for Detroit Dirty Snow : RHP César Villanueva
Pitching: RHP César Villanueva
Batting: SHB Félix Montoya 0-0: Swinging Strike
0-1: Ground out U3 (Groundball, 34)
Batting: RHB Alexander Barr 0-0: Called Strike
0-1: Called Strike
0-2: Ball
1-2: Ball
2-2: Fly out, F8 (Flyball, 8RM)
Batting: RHB Roderick Silva 0-0: Called Strike
0-1: Foul Ball, location: 2F
0-2: Strikes out looking
Top of the 1st over - 0 run(s), 0 hit(s), 0 error(s), 0 left on base; Athens 0 - Detroit 0
BOTTOM OF THE 1ST
Detroit Dirty Snow batting - Pitching for Athens Assassins : RHP Larry Johnston
Pitching: RHP Larry Johnston
Batting: RHB Phil Wright 0-0: Called Strike
0-1: SINGLE (Groundball, 4MD)
Batting: RHB Cristo Souza 0-0: Ball
1-0: Ball
2-0: Called Strike
2-1: Reached on error, E5 (Groundball, 5)
Phil Wright to second
Batting: LHB Eric Powell 0-0: Called Strike
0-1: Called Strike
0-2: Ball
1-2: Ball
2-2: Ball
3-2: SINGLE (Line Drive, 4MD)
Phil Wright to third
Cristo Souza to second
Batting: RHB Arturo Jiménez 0-0: Grounds into double play, 4-6-3 (Groundball, 4)
Phil Wright scores
Cristo Souza to third
Batting: RHB Carlos Rocha 0-0: Called Strike
0-1: Called Strike
0-2: Strikes out swinging
Bottom of the 1st over - 1 run(s), 2 hit(s), 1 error(s), 1 left on base; Athens 0 - Detroit 1
TOP OF THE 2ND
Athens Assassins batting - Pitching for Detroit Dirty Snow : RHP César Villanueva
Batting: RHB Jason Erickson 0-0: Ball
1-0: Ball
2-0: Ground out 5-3 (Groundball, 56)
Batting: RHB Foster Hapgood 0-0: Ball
1-0: Reached via error on a dropped throw, E3
Batting: RHB Júlio Rodríguez 0-0: Called Strike
0-1: Ball
1-1: Grounds into double play, 5-4-3 (Groundball, 56)
Top of the 2nd over - 0 run(s), 0 hit(s), 1 error(s), 0 left on base; Athens 0 - Detroit 1
BOTTOM OF THE 2ND
Detroit Dirty Snow batting - Pitching for Athens Assassins : RHP Larry Johnston
Batting: RHB Charlie O'Farrell 0-0: Called Strike
0-1: Foul Ball, location: 2F
0-2: Foul Ball, location: 2F
0-2: Strikes out looking
Batting: SHB Alan Garland 0-0: Ball
1-0: Ball
2-0: Foul Ball, location: 2F
2-1: SINGLE (Line Drive, 6M)
Batting: SHB Cristián López 0-0: Swinging Strike
0-1: Fly out, F9 (Flyball, 89M)
Batting: RHB Carlos Salas 0-0: Ground out 3-1 (Groundball, 34S)
Bottom of the 2nd over - 0 run(s), 1 hit(s), 0 error(s), 1 left on base; Athens 0 - Detroit 1
TOP OF THE 3RD
Athens Assassins batting - Pitching for Detroit Dirty Snow : RHP César Villanueva
Batting: LHB Milo Glenn 0-0: Called Strike
0-1: SINGLE (Groundball, 34D)
Batting: RHB Fred Hubbard 0-0: Ball
Milo Glenn steals 2nd base
1-0: Ball
2-0: Called Strike
2-1: Fly out, F8 (Flyball, 89M)
Runner from 2nd tags up, SAFE at 3rd with throw
Batting: RHB Jorge Loanos 0-0: Ball
1-0: Swinging Strike
1-1: Called Strike
1-2: Ball
2-2: Ball
3-2: SINGLE (Line Drive, 56)
Milo Glenn scores
Batting: SHB Félix Montoya 0-0: Ball
1-0: Swinging Strike
1-1: Ball
2-1: Swinging Strike
2-2: SINGLE (Line Drive, 8LS)
Jorge Loanos to second
Batting: RHB Alexander Barr 0-0: Ball
1-0: Swinging Strike
1-1: Ball
2-1: Foul Ball, location: 2F
2-2: Ball
3-2: Strikes out swinging
Batting: RHB Roderick Silva 0-0: Called Strike
0-1: Swinging Strike
0-2: Ball
1-2: Fielders Choice at 2nd, 6-4 (Groundball, 6)
Top of the 3rd over - 1 run(s), 3 hit(s), 0 error(s), 1 left on base; Athens 1 - Detroit 1
BOTTOM OF THE 3RD
Detroit Dirty Snow batting - Pitching for Athens Assassins : RHP Larry Johnston
Batting: RHB Phil Wright 0-0: Ball
1-0: Ball
2-0: SINGLE (Groundball, 6D)
Batting: RHB Cristo Souza 0-0: Called Strike
0-1: Swinging Strike
0-2: Ball
1-2: Strikes out looking
Batting: LHB Eric Powell 0-0: Ball
1-0: Ground out 4-3 (Groundball, 34D)
Phil Wright to second
Batting: RHB Arturo Jiménez 0-0: Ball
1-0: Called Strike
1-1: Ball
2-1: Foul Ball, location: 2F
2-2: Ball
3-2: Base on Balls
Batting: RHB Carlos Rocha 0-0: Ball
1-0: Foul Ball, location: 2F
1-1: Ball
2-1: Foul Ball, location: 2F
2-2: SINGLE (Flyball, 7S)
Phil Wright to third
Arturo Jiménez to second
Runner from 3rd tries for Home, SAFE, no throw
Batting: RHB Charlie O'Farrell 0-0: Ball
1-0: Ball
2-0: Called Strike
2-1: Foul Ball, location: 2F
2-2: Ball
3-2: Fly out, F8 (Flyball, 89M)
Bottom of the 3rd over - 1 run(s), 2 hit(s), 0 error(s), 2 left on base; Athens 1 - Detroit 2
TOP OF THE 4TH
Athens Assassins batting - Pitching for Detroit Dirty Snow : RHP César Villanueva
Batting: RHB Jason Erickson 0-0: Ball
1-0: Called Strike
1-1: Ball
2-1: Ball
3-1: Called Strike
3-2: Strikes out swinging
Batting: RHB Foster Hapgood 0-0: Ball
1-0: Called Strike
1-1: Ground out 5-3 (Groundball, 56S)
Batting: RHB Júlio Rodríguez 0-0: Foul Ball, location: 2F
0-1: Ball
1-1: Called Strike
1-2: Ground out 6-3 (Groundball, 6M)
Top of the 4th over - 0 run(s), 0 hit(s), 0 error(s), 0 left on base; Athens 1 - Detroit 2
BOTTOM OF THE 4TH
Detroit Dirty Snow batting - Pitching for Athens Assassins : RHP Larry Johnston
Batting: SHB Alan Garland 0-0: Ball
1-0: Ball
2-0: Swinging Strike
2-1: Ball
3-1: Called Strike
3-2: Foul Ball, location: 2F
3-2: Base on Balls
Batting: SHB Cristián López 0-0: Called Strike
0-1: Foul Ball, location: 2F
0-2: Fly out, F8 (Line Drive, 8LM)
Batting: RHB Carlos Salas 0-0: Ball
1-0: Called Strike
1-1: Foul Ball, location: 2F
1-2: Ball
2-2: Foul Ball, location: 2F
2-2: Foul Ball, location: 2F
2-2: Foul Ball, location: 2F
2-2: Foul Ball, location: 2F
2-2: DOUBLE (Line Drive, 7LM)
Alan Garland to third
Batting: RHB Phil Wright 0-0: Ball
1-0: Called Strike
1-1: Foul Ball, location: 2F
1-2: Foul Ball, location: 2F
1-2: SINGLE (Groundball, 6D)
Alan Garland scores
Carlos Salas to third
Runner from 3rd tries for Home, SAFE, no throw
Batting: RHB Cristo Souza 0-0: Grounds into double play, 5-4-3 (Groundball, 56)
Bottom of the 4th over - 2 run(s), 2 hit(s), 0 error(s), 0 left on base; Athens 1 - Detroit 4
TOP OF THE 5TH
Athens Assassins batting - Pitching for Detroit Dirty Snow : RHP César Villanueva
Batting: LHB Milo Glenn 0-0: Called Strike
0-1: Ball
1-1: Ball
2-1: Reached on error, E3 (Groundball, 34)
Batting: RHB Fred Hubbard 0-0: Called Strike
0-1: Ball
1-1: Ball
2-1: SINGLE (Groundball, 34D)
Milo Glenn to second
Runner from 2nd tries for 3rd, SAFE, throw made to third
Batting: RHB Jorge Loanos Balk!
Milo Glenn scores
Fred Hubbard to second
0-0: Ball
1-0: Called Strike
1-1: Ball
2-1: Foul Ball, location: 2F
2-2: Strikes out swinging
Pitching: RHP Leonard Christensen
Batting: SHB Félix Montoya 0-0: DOUBLE (Flyball, 7LM)
Fred Hubbard scores
Batting: RHB Alexander Barr 0-0: Called Strike
0-1: Called Strike
0-2: Strikes out swinging
Batting: RHB Roderick Silva 0-0: SINGLE (Groundball, 6S) (infield hit)
Félix Montoya to third
Batting: RHB Jason Erickson 0-0: Ball
1-0: Ball
2-0: Ball
3-0: Base on Balls
Roderick Silva to second
Batting: RHB Foster Hapgood 0-0: Ball
1-0: Swinging Strike
1-1: Ball
Wild Pitch!
Félix Montoya scores
Roderick Silva to third
Jason Erickson to second
2-1: Foul Ball, location: 2F
2-2: Strikes out swinging
Top of the 5th over - 3 run(s), 3 hit(s), 1 error(s), 2 left on base; Athens 4 - Detroit 4
BOTTOM OF THE 5TH
Detroit Dirty Snow batting - Pitching for Athens Assassins : RHP Larry Johnston
Batting: LHB Eric Powell 0-0: Swinging Strike
0-1: Ball
1-1: Foul Ball, location: 2F
1-2: Foul Ball, location: 2F
1-2: Ball
2-2: Foul Ball, location: 2F
2-2: Ball
3-2: SINGLE (Groundball, 2L) (infield hit)
Pitching: LHP Ben Newman
Batting: RHB Arturo Jiménez 0-0: Ball
1-0: Called Strike
1-1: Ball
2-1: Ball
3-1: Called Strike
3-2: Fly out, F8 (Flyball, 8LS)
Batting: RHB Carlos Rocha 0-0: Fly out, F3 (Popup, 3L)
Batting: RHB Charlie O'Farrell 0-0: Fielders Choice at 2nd, U6 (Groundball, 6M)
Bottom of the 5th over - 0 run(s), 1 hit(s), 0 error(s), 1 left on base; Athens 4 - Detroit 4
TOP OF THE 6TH
Athens Assassins batting - Pitching for Detroit Dirty Snow : RHP Leonard Christensen
Batting: RHB Júlio Rodríguez 0-0: Ball
1-0: Fly out, F9 (Flyball, 9LMF)
Batting: LHB Milo Glenn 0-0: Called Strike
0-1: Foul Ball, location: 2F
0-2: Strikes out swinging
Batting: RHB Fred Hubbard 0-0: Called Strike
0-1: Fly out, F5 (Line Drive, 56)
Top of the 6th over - 0 run(s), 0 hit(s), 0 error(s), 0 left on base; Athens 4 - Detroit 4
BOTTOM OF THE 6TH
Detroit Dirty Snow batting - Pitching for Athens Assassins : LHP Ben Newman
Batting: SHB Alan Garland 0-0: Swinging Strike
0-1: Foul Ball, location: 2F
0-2: Foul Ball, location: 2F
0-2: Ball
1-2: Strikes out swinging
Batting: SHB Cristián López 0-0: Ball
1-0: Ball
2-0: Called Strike
2-1: Ball
3-1: Base on Balls
Batting: RHB Carlos Salas 0-0: Ball
Wild Pitch!
Cristián López to second
1-0: Ball
2-0: Swinging Strike
2-1: Foul Ball, location: 2F
2-2: Strikes out looking
Batting: RHB Phil Wright 0-0: Ball
1-0: Ball
2-0: Ball
3-0: Called Strike
3-1: Foul Ball, location: 2F
3-2: Ground out 4-3 (Groundball, 4)
Bottom of the 6th over - 0 run(s), 0 hit(s), 0 error(s), 1 left on base; Athens 4 - Detroit 4
TOP OF THE 7TH
Athens Assassins batting - Pitching for Detroit Dirty Snow : RHP Leonard Christensen
Pinch Hitting: LHB George Flanagan 0-0: Called Strike
0-1: Ball
1-1: Ball
2-1: Swinging Strike
2-2: Strikes out swinging
Batting: SHB Félix Montoya 0-0: Swinging Strike
0-1: Swinging Strike
0-2: Hit by Pitch
Batting: RHB Alexander Barr 0-0: Called Strike
0-1: Ball
1-1: Called Strike
1-2: Strikes out swinging
Batting: RHB Roderick Silva 0-0: Called Strike
Félix Montoya steals 2nd base
0-1: Ball
1-1: Foul Ball, location: 2F
1-2: Ball
2-2: Ground out 6-3 (Groundball, 6)
Top of the 7th over - 0 run(s), 0 hit(s), 0 error(s), 1 left on base; Athens 4 - Detroit 4
BOTTOM OF THE 7TH
Detroit Dirty Snow batting - Pitching for Athens Assassins : LHP Ben Newman
Now at 3B: George Flanagan
Batting: RHB Cristo Souza 0-0: Ball
1-0: Called Strike
1-1: Foul Ball, location: 2F
1-2: Foul Ball, location: 2F
1-2: Ball
2-2: Foul Ball, location: 2F
2-2: Strikes out looking
Batting: LHB Eric Powell 0-0: SINGLE (Line Drive, 9S)
Batting: RHB Arturo Jiménez 0-0: Ball
1-0: Foul Ball, location: 2F
1-1: Called Strike
1-2: Ball
2-2: Grounds into double play, 1-4-3 (Groundball, 15S)
Bottom of the 7th over - 0 run(s), 1 hit(s), 0 error(s), 0 left on base; Athens 4 - Detroit 4
TOP OF THE 8TH
Athens Assassins batting - Pitching for Detroit Dirty Snow : RHP Leonard Christensen
Batting: RHB Jason Erickson 0-0: Ball
1-0: Ball
2-0: Ball
3-0: Called Strike
3-1: Base on Balls
Batting: RHB Foster Hapgood 0-0: Foul Ball, location: 2F
0-1: Ball
1-1: Fly out, F8 (Flyball, 8RD)
Pitching: RHP Drake Williams
Batting: RHB Júlio Rodríguez 0-0: Ball
1-0: Called Strike
1-1: Fly out, F7 (Line Drive, 7D)
Batting: LHB Milo Glenn 0-0: Ball
1-0: Swinging Strike
1-1: Ball
2-1: Swinging Strike
2-2: Foul Ball, location: 2F
2-2: Foul Ball, location: 2F
2-2: Foul Ball, location: 2F
2-2: Strikes out looking
Top of the 8th over - 0 run(s), 0 hit(s), 0 error(s), 1 left on base; Athens 4 - Detroit 4
BOTTOM OF THE 8TH
Detroit Dirty Snow batting - Pitching for Athens Assassins : LHP Ben Newman
Pitching: RHP León Delgado
Batting: RHB Carlos Rocha 0-0: Called Strike
0-1: Ball
1-1: Ball
2-1: Swinging Strike
2-2: Strikes out swinging
Batting: RHB Charlie O'Farrell 0-0: Called Strike
0-1: Ball
1-1: Ball
2-1: Ball
3-1: Called Strike
3-2: DOUBLE (Flyball, 7D)
Batting: SHB Alan Garland 0-0: Ball
1-0: Foul Ball, location: 2F
1-1: Ball
2-1: Swinging Strike
2-2: Strikes out swinging
Batting: SHB Cristián López 0-0: Ball
1-0: Fly out, F4 (Line Drive, 4)
Bottom of the 8th over - 0 run(s), 1 hit(s), 0 error(s), 1 left on base; Athens 4 - Detroit 4
TOP OF THE 9TH
Athens Assassins batting - Pitching for Detroit Dirty Snow : RHP Drake Williams
Pitching: RHP Vaughan Horne
Pinch Hitting: RHB Brady McIntyre 0-0: Foul Ball, location: 2F
0-1: Swinging Strike
0-2: Ball
1-2: Ball
2-2: Foul Ball, location: 2F
2-2: SINGLE (Groundball, 6) (infield hit)
Pinch Runner at 1st Gunner Allen:
Batting: LHB George Flanagan 0-0: Called Strike
0-1: Swinging Strike
0-2: Ball
Wild Pitch!
Gunner Allen to second
1-2: Strikes out swinging
Pinch Hitting: RHB George Arnold 0-0: Called Strike
0-1: Ball
1-1: Ball
2-1: Ball
3-1: Base on Balls
Batting: RHB Alexander Barr 0-0: Ball
1-0: Swinging Strike
1-1: Ball
2-1: Called Strike
2-2: Strikes out looking
Batting: RHB Roderick Silva 0-0: Called Strike
0-1: Swinging Strike
0-2: Strikes out swinging
Top of the 9th over - 0 run(s), 1 hit(s), 0 error(s), 2 left on base; Athens 4 - Detroit 4
BOTTOM OF THE 9TH
Detroit Dirty Snow batting - Pitching for Athens Assassins : RHP León Delgado
Now at 2B: Pedro Tapia
Now at SS: James Anderson
Batting: RHB Carlos Salas 0-0: Swinging Strike
0-1: Ground out 6-3 (Groundball, 6)
Batting: RHB Phil Wright 0-0: Swinging Strike
0-1: Foul Ball, location: 2F
0-2: Strikes out looking
Batting: RHB Cristo Souza 0-0: Ball
1-0: Ball
2-0: Ball
3-0: Called Strike
3-1: Foul Ball, location: 2F
3-2: Fly out, F8 (Flyball, 8LS)
Bottom of the 9th over - 0 run(s), 0 hit(s), 0 error(s), 0 left on base; Athens 4 - Detroit 4
TOP OF THE 10TH
Athens Assassins batting - Pitching for Detroit Dirty Snow : RHP Vaughan Horne
Batting: RHB Jason Erickson 0-0: Swinging Strike
0-1: Ball
1-1: Swinging Strike
1-2: Ball
2-2: Strikes out swinging
Batting: RHB Foster Hapgood 0-0: Called Strike
0-1: Ball
1-1: Ball
2-1: Foul Ball, location: 2F
2-2: Strikes out swinging
Batting: RHB Júlio Rodríguez 0-0: Called Strike
0-1: Ball
1-1: Foul Ball, location: 2F
1-2: Foul Ball, location: 2F
1-2: Strikes out swinging
Top of the 10th over - 0 run(s), 0 hit(s), 0 error(s), 0 left on base; Athens 4 - Detroit 4
BOTTOM OF THE 10TH
Detroit Dirty Snow batting - Pitching for Athens Assassins : RHP León Delgado
Batting: LHB Eric Powell 0-0: Called Strike
0-1: Called Strike
0-2: Ball
1-2: Fly out, F8 (Line Drive, 89M)
Pitching: RHP Jimmy Banks
Batting: RHB Arturo Jiménez 0-0: Called Strike
0-1: Ball
1-1: Ball
2-1: Foul Ball, location: 2F
2-2: Strikes out swinging
Batting: RHB Carlos Rocha 0-0: Ball
1-0: SINGLE (Groundball, 56S) (infield hit)
Batting: RHB Charlie O'Farrell 0-0: Called Strike
0-1: Swinging Strike
0-2: Fly out, F9 (Flyball, 9S)
Bottom of the 10th over - 0 run(s), 1 hit(s), 0 error(s), 1 left on base; Athens 4 - Detroit 4
TOP OF THE 11TH
Athens Assassins batting - Pitching for Detroit Dirty Snow : RHP Vaughan Horne
Batting: LHB Milo Glenn 0-0: Reached via error on a dropped throw, E3
Batting: RHB Pedro Tapia 0-0: Called Strike
0-1: Sac Bunt - play at first, batter OUT! 3-4
Milo Glenn to second
Batting: LHB George Flanagan 0-0: Intentional Walk
Batting: RHB James Anderson 0-0: SINGLE (Line Drive, 4)
Milo Glenn to third
George Flanagan to second
Runner from 3rd tries for Home, SAFE, no throw
Batting: RHB Alexander Barr 0-0: Called Strike
0-1: Swinging Strike
0-2: Ball
1-2: Ball
2-2: Strikes out swinging
Batting: RHB Roderick Silva 0-0: Called Strike
0-1: Swinging Strike
0-2: Strikes out looking
Top of the 11th over - 1 run(s), 1 hit(s), 1 error(s), 2 left on base; Athens 5 - Detroit 4
BOTTOM OF THE 11TH
Detroit Dirty Snow batting - Pitching for Athens Assassins : RHP Jimmy Banks
Now at C: Luis Méndez
Batting: SHB Alan Garland 0-0: Fly out, F9 (Line Drive, 89S)
Batting: SHB Cristián López 0-0: Ball
1-0: Called Strike
1-1: Ball
2-1: Fly out, F7 (Line Drive, 7LM)
Batting: RHB Carlos Salas 0-0: Ball
1-0: SINGLE (Groundball, 6S) (infield hit)
Batting: RHB Phil Wright 0-0: Ball
1-0: SINGLE (Line Drive, 34D)
Carlos Salas to second
Runner from 2nd tries for 3rd, OUT!
Bottom of the 11th over - 0 run(s), 2 hit(s), 0 error(s), 1 left on base; Athens 5 - Detroit 4
Thursday, March 30th, 2017 - OOTP Baseball 17.12 Build 75